 Dungeon Crawl Stone Soup version 0.30-a0-1163-gf69bf04e7a (webtiles) character file.

Game seed: 3510577565565474876

600587 holysushi the Acrobat (level 26, -2/283 HPs)
             Began as a Demonspawn Monk on Apr 27, 2023.
             Was an Initiate of Gozag.
             Slain by a tentacled monstrosity (4 damage)
             ... on level 1 of the Realm of Zot on Apr 28, 2023.
             The game lasted 02:10:23 (82077 turns).

holysushi the Acrobat (Demonspawn Monk)            Turns: 82077, Time: 02:10:23

Health: -2/283     AC: 29    Str: 19    XL:     26   Next: 47%
Magic:  0/40       EV: 44    Int:  8    God:    Gozag
Gold:   2862       SH: 14    Dex: 38    Spells: 48/52 levels left

rFire   + + +        a - +8 short sword "Ozao" {flame, rPois rF+ Int+4 SInv}
rCold   + . .        E - +3 warlock's mirror {omnireflect}
rNeg    + + +        Y - +3 ring mail of Gluttony {Str+5 Int-5 Dex+4}
rPois   +            o - +3 helmet of Jogaov {rPois rN+ Str-3 Stlth+}
rElec   .            v - +1 cloak of the Endless Loafs {rCorr Str+2 Dex+5}
rCorr   +            (gloves unavailable)
SInv    +            L - +0 pair of boots of the Ego {rCorr Dex+5}
Will    +++..        l - necklace of Bloodlust {Fury *Rage Will++ Int-3 Slay+6}
Stlth   +++++++++    M - ring "Onner" {rPois rF+ rN+ AC+4 Slay+5 Stlth-}
HPRegen 0.67/turn    V - ring of Yseutz {rC+ rN++ AC+4}
MPRegen 0.54/turn

%: random rage (50%), reflection, guardian spirit
@: about to teleport, gold aura, on berserk cooldown, slowed, constricted,
studying Polearms, very slow
A: demonic guardian 2, robust 3, magic shield, magic regeneration, magic link,
sturdy frame 3, demonic touch 3, fire resistance 1, wild magic 1
}: 3/15 runes: serpentine, barnacled, silver
a: Renounce Religion, Potion Petition, Call Merchant, Bribe Branch


You were on level 1 of the Realm of Zot.
You worshipped Gozag.
Gozag was most pleased with you.
You visited 11 branches of the dungeon, and saw 48 of its levels.
You also visited: Sewer, Ice Cave and Wizlab.

You collected 28124 gold pieces.
You spent 10284 gold pieces at shops.
You paid 14978 gold pieces to Gozag.

Inventory:

Hand Weapons
 a - the +8 short sword "Ozao" (weapon) {flame, rPois rF+ Int+4 SInv}
   (You found it on level 5 of the Lair of Beasts)

   Int:       It affects your intelligence (+4).
   rF:        It protects you from fire.
   rPois:     It protects you from poison.
   SInv:      It lets you see invisible.
 b - the +10 sling "Nuigead" {speed, rPois Str-5 Dex+4}
   (You found it on level 3 of the Shoals)

   Str:       It affects your strength (-5).
   Dex:       It affects your dexterity (+4).
   rPois:     It protects you from poison.
 f - a +4 dagger of chaos
Armour
 o - the +3 helmet of Jogaov (worn) {rPois rN+ Str-3 Stlth+}
   (You found it on level 7 of the Dungeon)

   Str:       It affects your strength (-3).
   rPois:     It protects you from poison.
   rN:        It protects you from negative energy.
   Stlth:     It makes you more stealthy.
 v - the +1 cloak of the Endless Loafs (worn) {rCorr Str+2 Dex+5}
   (You found it on level 3 of the Elven Halls)

   Str:       It affects your strength (+2).
   Dex:       It affects your dexterity (+5).
   rCorr:     It protects you from acid and corrosion.
 E - the +3 warlock's mirror (worn) {omnireflect}
   (You bought it in a shop on level 2 of the Orcish Mines)

   Omnireflect: It can block and reflect piercing ranged attacks and magical
   attacks against the wielder's willpower.
 L - the +0 pair of boots of the Ego (worn) {rCorr Dex+5}
   (You found it in an ice cave)

   Dex:       It affects your dexterity (+5).
   rCorr:     It protects you from acid and corrosion.
 R - the +6 chain mail of Ycudaen {Dex+5}
   (You bought it in a shop on level 10 of the Dungeon)

   Dex:       It affects your dexterity (+5).
 Y - the +3 ring mail of Gluttony (worn) {Str+5 Int-5 Dex+4}
   (You took it off a gnoll on level 9 of the Dungeon)

   Str:       It affects your strength (+5).
   Int:       It affects your intelligence (-5).
   Dex:       It affects your dexterity (+4).
Jewellery
 l - the necklace of Bloodlust (around neck) {Fury *Rage Will++ Int-3 Slay+6}
   (You found it on level 13 of the Dungeon)

   [amulet of nothing]

   Fury:      It extends the wearer's berserk rage when killing foes.
   Int:       It affects your intelligence (-3).
   Slay:      It affects your accuracy & damage with ranged weapons and melee
   (+6).
   *Rage:     It berserks you when you make melee attacks (+50% chance).
   Will:      It greatly increases your willpower.
 m - the amulet of the Air {Inacc Air Fly rElec RMsl}
   (You took it off a deep elf archer on level 3 of the Elven Halls)

   [amulet of nothing]

   Inacc:     It reduces the accuracy of your attacks and spells.
   Air:       It enhances your air magic.
   rElec:     It insulates you from electricity.
   Fly:       It grants you flight.
   RMsl:      It protects you from missiles.
 z - the ring of Abon {rN+ Int+5}
   (You found it on level 3 of the Crypt)

   [ring of positive energy]

   Int:       It affects your intelligence (+5).
   rN:        It protects you from negative energy.
 D - an amulet of the acrobat
 I - a +6 ring of dexterity
 J - a +4 ring of slaying
 M - the ring "Onner" (left hand) {rPois rF+ rN+ AC+4 Slay+5 Stlth-}
   (You found it on level 2 of the Shoals)

   [ring of protection]

   AC:        It affects your AC (+4).
   Slay:      It affects your accuracy & damage with ranged weapons and melee
   (+5).
   rF:        It protects you from fire.
   rPois:     It protects you from poison.
   rN:        It protects you from negative energy.
   Stlth:     It makes you less stealthy.
 U - the ring "Weastoci" {rF+ rN+ Dex+2}
   (You found it in an ice cave)

   [ring of positive energy]

   Dex:       It affects your dexterity (+2).
   rF:        It protects you from fire.
   rN:        It protects you from negative energy.
 V - the ring of Yseutz (right hand) {rC+ rN++ AC+4}
   (You found it on level 4 of the Lair of Beasts)

   [ring of protection]

   AC:        It affects your AC (+4).
   rC:        It protects you from cold.
   rN:        It greatly protects you from negative energy.
 Z - the ring of Jaggut {EV+5 Str+3}
   (You took it off a deep elf sorcerer on level 2 of the Depths)

   [ring of evasion]

   EV:        It affects your evasion (+5).
   Str:       It affects your strength (+3).
Wands
 d - a wand of roots (43)
 F - a wand of quicksilver (30)
 Q - a wand of digging (30)
Scrolls
 h - 19 scrolls of teleportation
 n - 4 scrolls of fog
 p - 4 scrolls of vulnerability
 q - 5 scrolls of silence
 s - 9 scrolls of brand weapon
 u - 3 scrolls of enchant armour
 w - 7 scrolls of blinking
 H - 3 scrolls of butterflies
 K - 9 scrolls of fear
 P - 4 scrolls of magic mapping
 S - 5 scrolls of immolation
 X - 8 scrolls of enchant weapon
Potions
 c - 5 potions of ambrosia
 e - 8 potions of flight
 g - 12 potions of lignification
 i - 5 potions of haste
 j - 24 potions of curing
 r - 8 potions of might
 t - 2 potions of resistance
 x - 7 potions of attraction
 y - 3 potions of berserk rage
 A - 7 potions of heal wounds
 B - 2 potions of magic
 C - 5 potions of invisibility
 G - 8 potions of brilliance
 N - 5 potions of cancellation
 O - 10 potions of mutation
Miscellaneous
 k - a box of beasts
 T - a phantom mirror (inert)
 W - a phial of floods


   Skills:
 - Level 20.0 Fighting
 - Level 13.8 Short Blades
 - Level 14.0 Ranged Weapons
 - Level 19.0 Armour
 - Level 24.0 Dodging
 - Level 20.0 Stealth
 - Level 15.0 Shields
 + Level 13.6 Spellcasting
 - Level 3.0 Hexes
 - Level 3.0 Translocations
 - Level 6.0 Evocations


You had 48 spell levels left.
You knew the following spells:

 Your Spells              Type           Power      Damage    Failure   Level
a - Portal Projectile     Hex/Tloc       26%        N/A       16%         3
b - Apportation           Tloc           26%        N/A       6%          1

Your spell library contained the following spells:

 Spells                   Type           Power      Damage    Failure   Level
 Blink                    Tloc           26%        N/A       9%          2
 Lesser Beckoning         Tloc           26%        N/A       9%          2
 Ensorcelled Hibernation  Hex/Ice        20%        N/A       14%         2
 Momentum Strike          Conj/Tloc      20%        3d8       14%         2
 Confusing Touch          Hex            13%        N/A       16%         3
 Gell's Gravitas          Tloc           13%        N/A       16%         3
 Teleport Other           Tloc           13%        N/A       16%         3
 Tukima's Dance           Hex            13%        N/A       16%         3
 Foxfire                  Conj/Fire      28%        2x1d5     17%         1
 Kiss of Death            Conj/Necr      28%        2d7       17%         1
 Magic Dart               Conj           28%        1d4       17%         1
 Necrotise                Necr           28%        1d5       17%         1
 Shock                    Conj/Air       28%        1d4       17%         1
 Sting                    Tmut/Pois      28%        1d4       17%         1
 Call Imp                 Summ           14%        N/A       26%         2
 Cigotuvi's Dreadful Rot  Necr/Pois/Air  14%        N/A       26%         2
 Passwall                 Tmut/Erth      5%         N/A       26%         2
 Poisonous Vapours        Pois/Air       14%        N/A       26%         2
 Searing Ray              Conj           14%        2d5       26%         2
 Static Discharge         Conj/Air       14%        2-3/arc   26%         2
 Sublimation of Blood     Necr           7%         N/A       26%         2
 Dazzling Flash           Conj/Hex       20%        N/A       26%         3
 Inner Flame              Hex/Fire       10%        N/A       26%         3
 Vhi's Electric Charge    Tloc/Air       20%        N/A       26%         3
 Call Canine Familiar     Summ           7%         N/A       43%         3
 Frozen Ramparts          Ice            14%        1d3       43%         3
 Hailstorm                Conj/Ice       7%         3d4       43%         3
 Ignite Poison            Fire/Tmut/Pois 7%         N/A       43%         3
 Mephitic Cloud           Conj/Pois/Air  7%         N/A       43%         3
 Ozocubu's Armour         Ice            7%         N/A       43%         3
 Spider Form              Tmut/Pois      7%         N/A       43%         3
 Swiftness                Air            7%         N/A       43%         3
 Vampiric Draining        Necr           7%         2d6       43%         3
 Manifold Assault         Tloc           13%        N/A       43%         4
 Passage of Golubria      Tloc           13%        N/A       43%         4
 Anguish                  Hex/Necr       5%         N/A       63%         4
 Fulminant Prism          Conj/Hex       5%         3d7       63%         4
 Iskenderun's Mystic Bla  Conj/Tloc      10%        2d4       63%         4
 Leda's Liquefaction      Hex/Erth       5%         N/A       63%         4
 Airstrike                Air            3%         2d(1-17)  82%         4
 Dispel Undead            Necr           7%         3d8       82%         4
 Ice Form                 Ice/Tmut       7%         N/A       82%         4
 Petrify                  Tmut/Erth      7%         N/A       82%         4
 Sticky Flame             Conj/Fire      7%         2d3       82%         4
 Summon Ice Beast         Ice/Summ       7%         N/A       82%         4
 Summon Lightning Spire   Summ/Air       7%         N/A       82%         4
 Metabolic Englaciation   Hex/Ice        5%         N/A       91%         5
 Silence                  Hex/Air        5%         N/A       91%         5
 Summon Forest            Summ/Tloc      5%         N/A       91%         5
 Summon Mana Viper        Hex/Summ       10%        N/A       91%         5
 Yara's Violent Unravell  Hex/Tmut       5%         3d4       91%         5
 Agony                    Necr           7%         N/A       98%         5
 Alistair's Intoxication  Tmut/Pois      4%         N/A       98%         5
 Arcjolt                  Conj/Air       3%         1d13      98%         5
 Blade Hands              Tmut           3%         N/A       98%         5
 Borgnjor's Vile Clutch   Necr/Erth      3%         N/A       98%         5
 Fireball                 Conj/Fire      3%         3d4       98%         5
 Freezing Cloud           Conj/Ice/Air   3%         6-21      98%         5
 Irradiate                Conj/Tmut      3%         3d12      98%         5
 Iskenderun's Battlesphe  Conj           7%         2d6       98%         5
 Lee's Rapid Deconstruct  Erth           3%         3d5*      98%         5
 Dispersal                Tloc           6%         N/A       99%         6
 Conjure Ball Lightning   Conj/Air       3%         3x3d6     100%        6
 Death Channel            Necr           3%         N/A       100%        6
 Eringya's Noxious Bog    Tmut/Pois      3%         N/A       100%        6
 Plasma Beam              Fire/Air       3%         2x1d15    100%        6
 Statue Form              Tmut/Erth      4%         N/A       100%        6
 Summon Cactus Giant      Summ           3%         N/A       100%        6
 Dragon Form              Tmut           3%         N/A       100%        7
 Enfeeble                 Hex            6%         N/A       100%        7
 Malign Gateway           Summ/Tloc      5%         N/A       100%        7
 Orb of Destruction       Conj           3%         9d5       100%        7
 Storm Form               Tmut/Air       3%         N/A       100%        7
 Summon Hydra             Summ           3%         N/A       100%        7
 Borgnjor's Revivificati  Necr           3%         N/A       100%        8
 Disjunction              Tloc           6%         N/A       100%        8
 Necromutation            Tmut/Necr      3%         N/A       100%        8
 Chain Lightning          Conj/Air       3%         3d4       100%        9
 Death's Door             Necr           3%         N/A       100%        9
 Fire Storm               Conj/Fire      3%         8d1       100%        9
 Shatter                  Erth           3%         3d7*      100%        9
 Simulacrum               Ice/Necr       Unusable   N/A       N/A         6

Dungeon Overview and Level Annotations

Branches:
Dungeon (15/15) Zot: 24660  Temple (1/1) D:7 Zot: 5583    Lair (5/5) D:8 Zot: 17503
 Shoals (4/4) Lair:3 Zot: 18788   Snake (4/4) Lair:3 Zot: 15276   Slime (0/5) Lair:4
    Orc (2/2) D:10 Zot: 8231     Elf (3/3) Orc:2 Zot: 12090  Vaults (5/5) D:13 Zot: 21318
  Crypt (3/3) Vaults:2 Zot: 13830    Tomb (0/3) Crypt:3      Depths (4/4) D:15 Zot: 16780
    Zot (2/5) Depths:4 Zot: 9979   Sewer (visited)           IceCv (visited)
 WizLab (visited)

Altars:
Ashenzari
Cheibriados
Dithmenos
Fedhas
Gozag
Hepliaklqana
Kikubaaqudgha
Makhleb
Nemelex Xobeh
Okawaru
Qazlal
Ru
Sif Muna
Trog
Uskayaw
Vehumet
Wu Jian
Xom
Yredelemnul

Shops:
D:1 !   D:4 [[(   D:7 [   D:10 [?   D:15 [   Orc:2 ([:(:   Elf:2 ::=*
Lair:2 [=   Lair:4 [   Shoals:1 (   Snake:4 :   Vaults:2 :[[   Crypt:1 (
Crypt:3 [   Depths:2 ([((

Portals:
Hell: Depths:1 Depths:2 Depths:3 Depths:4
Abyss: Depths:3 Depths:4
Pandemonium: Depths:2 Depths:3 Depths:4
Ziggurat: Depths:2

Annotations:
D:5 3 runed translucent doors, mandoloar's ghost, amateur OpTm
Lair:1 3 runed translucent doors, ragingrage's ghost, journeyman FoMo
Elf:2 3 runed translucent doors
Depths:2 2 transporters, Miownoin's ghost, master GrFi
Zot:1 1 transporter


Innate Abilities, Weirdness & Mutations

A demonic guardian rushes to your aid.
You are extremely robust. (+30% HP)
When hurt, damage is shared between your health and your magic reserves.
You regenerate magic rapidly.
When low on magic, you restore magic in place of health.
Your movements are significantly less encumbered by armour. (ER -6)
Your touch may irresistibly damage your foes and sap their willpower.
Your flesh is heat resistant. (rF+)
Your spells are a little harder to cast, but a little more powerful.


Message History

* * * LOW HITPOINT WARNING * * *
The cacodemon completely misses you. The cacodemon misses you.
Your lorocyproca hits the wandering mushroom!
The wandering mushroom completely misses you. x2
The deathcap is distracted by your dazzling golden aura.
The wandering mushroom completely misses you.
The tentacled monstrosity is distracted by your dazzling golden aura.
The tentacled monstrosity constricts you.
* * * LOW HITPOINT WARNING * * *
The shadow dragon completely misses you.
The shadow dragon claws you!
* * * LOW HITPOINT WARNING * * *
The shadow dragon completely misses you.
The yellow draconian annihilator gestures wildly while chanting.
The yellow draconian annihilator blinks!
The cacodemon completely misses you. You block the cacodemon's attack.
You block the white draconian's attack.
You impale the wandering mushroom!! You burn the wandering mushroom!
You destroy the wandering mushroom!
The wandering mushroom disappears in a puff of smoke!
The tentacled monstrosity completely misses you.
The tentacled monstrosity tentacle-slaps you.
* * * LOW HITPOINT WARNING * * *
The tentacled monstrosity completely misses you.
The tentacled monstrosity constricts you.
The shadow dragon closely misses you.
The shadow dragon completely misses you. x2
The white draconian hits you with a +0 war axe!!
* * * LOW HITPOINT WARNING * * *
You block the wandering mushroom's attack.
Your lorocyproca hits the wandering mushroom!
You block the wandering mushroom's attack.
The storm dragon is distracted by your dazzling golden aura.
The cacodemon misses you. The cacodemon completely misses you.
The tentacled monstrosity tentacle-slaps you but does no damage.
The tentacled monstrosity tentacle-slaps you.
* * * LOW HITPOINT WARNING * * *
The tentacled monstrosity tentacle-slaps you.
You die...
Your body crumbles into a pile of gold.

##.(.##..#########
### ##...###..#
##...## #..# ##...##
#..##############
##...##
##................
##)..##
#..©..............
##).)##
##############..####
##.).## #f2fDf..§.#
#..# ##..)##
#2§@XD....# #..#
##...##
#.fXdf....####..####
##....##
#f.yqy....#.........
#......##
##...z.....#####.....
...##..[##
######.°#..####
###### ..####...#
###.##.$$$.#### ..#
##..# #D##.#$$..§##.#
..# #...#
#.###.......#.#
###### ..# #..##
#..###....#○..#
#.....


You could see 2 shadow dragons, 2 tentacled monstrosities, a storm dragon
(unaware), a white draconian (berserk), a curse toe, a cacodemon, a purple
draconian shifter, 3 deathcaps, 2 moths of wrath, 3 wandering mushrooms and a
friendly lorocyproca (summoned, invisible).

Vanquished Creatures
  2 ancient liches
  2 dread liches
  3 orbs of fire (Zot:1)
  Mara (Snake:2)
  The ghost of Neiqej the Conqueror, a legendary FoFi of Hepliaklqana (Crypt:1)
  Vashnia (Snake:3)
  A curse toe (Zot:1)
  5 golden dragons
  2 bone dragons
  An electric golem (Zot:1)
  2 doom hounds (Depths:2)
  The ghost of Sygufo the Purveyor of Pain, an adept AtIE of Kikubaaqudgha (Depths:3)
  4 tentacled monstrosities
  A walking crystal tome (WizLab)
  A shard shrike skeleton (Crypt:3)
  5 liches
  Grunn (Depths:2)
  7 titans
  A walking earthen tome (Depths:3)
  3 quicksilver dragons
  Gastronok (Lair:3)
  2 deep elf blademasters (Elf:3)
  2 deep elf master archers (Elf:2)
  Frances (Elf:1)
  4 death cobs
  9 ancient champions
  5 sphinxes
  Donald (Shoals:4)
  2 krakens
  6 tengu reavers
  Agnes (Snake:3)
  7 shadow dragons
  5 storm dragons
  3 draconian monks
  2 strange machines (WizLab)
  A draconian knight (Depths:4)
  2 nagarajas
  4 revenants
  Roxanne (Snake:3)
  4 draconian scorchers
  8 fire giants
  5 deep elf sorcerers
  8 frost giants
  8 vault wardens
  5 draconian shifters
  2 iron dragons
  A cacodemon (Zot:1)
  7 ghouls
  A draconian stormcaller (Depths:4)
  8 deep elf elementalists
  2 reapers
  2 curse skulls
  8 draconian annihilators
  27 ironbound preservers
  2 orc warlords (Vaults:4)
  23 very ugly things
  The ghost of Veluwn the Stormcaller, a journeyman MeWn of Gozag (Shoals:2)
  2 caustic shrike skeletons (Crypt:3)
  4 war gargoyles
  A rockslime zombie (Crypt:3)
  6 ironbound thunderhulks
  10 vampire knights
  4 black draconians
  4 deep elf demonologists (Elf:3)
  2 eleionomae (Shoals:3)
  2 green draconians
  9 stone giants
  7 deep elf annihilators
  5 yellow draconians
  19 dire elephants
  5 red draconians
  6 spark wasps (Depths:4)
  4 white draconians
  6 purple draconians
  Snorg (D:12)
  10 merfolk impalers
  6 ettins
  5 eidola
  4 merfolk javelineers (Shoals:4)
  15 yaktaur captains
  10 deep elf death magi
  2 crystal guardians
  11 fire dragons
  3 great orbs of eyes
  A fenstrider witch zombie (Crypt:1)
  8 deep elf high priests
  5 hydras
  2 hell beasts
  9 ice dragons
  3 salamander tyrants
  15 jiangshi
  3 quicksilver dragon skeletons
  2 entropy weavers
  A spriggan zombie (Depths:2)
  4 spriggan air magi
  16 rakshasas
  3 ogre magi
  27 vault guards
  A caustic shrike simulacrum (Crypt:3)
  2 alligator snapping turtles (Shoals:4)
  11 ironbound frosthearts
  3 peacekeepers
  10 anacondas
  18 centaur warriors
  3 spriggan skeletons (Crypt:3)
  A merfolk avatar (Shoals:4)
  2 boulder beetles
  5 death knights
  5 merfolk aquamancers
  5 deep troll shamans
  2 fenstrider witch skeletons (Crypt:3)
  A hell hog (Depths:4)
  A bennu skeleton (Crypt:1)
  2 tengu warriors
  9 naga warriors
  4 two-headed ogres
  A death yak (Lair:4)
  3 orc high priests (Orc:2)
  3 satyrs (Shoals:3)
  21 dancing weapons
  3 deep troll earth magi
  9 shock serpents
  9 vampire magi
  A spriggan berserker (Depths:4)
  17 naga sharpshooters
  2 sun demons
  9 deep elf knights
  Amaemon (Lair:1)
  3 hell knights
  2 soul eaters
  6 titan skeletons
  6 iron trolls
  A skyshark (Shoals:1)
  3 shadow wraiths
  Nergalle (Orc:2)
  A fire crab (Lair:4)
  7 salamander mystics
  A bunyip zombie (Crypt:2)
  7 flayed ghosts
  A storm dragon skeleton (Crypt:3)
  63 deep trolls
  An orb spider (shapeshifter) (Vaults:5)
  2 glowing orange brains
  13 sea snakes
  53 skeletal warriors
  A spriggan simulacrum (Crypt:1)
  An iron giant skeleton (Crypt:3)
  A glowing orange brain (shapeshifter) (D:15)
  An orange crystal statue (IceCv)
  21 phantasmal warriors
  12 naga ritualists
  10 orc knights
  32 deep elf pyromancers
  8 deep elf archers
  6 wizards
  14 lindwurms
  A bunyip skeleton (Crypt:1)
  17 mana vipers
  A stone giant zombie (Crypt:3)
  14 ironbound convokers
  A steelbarb worm (shapeshifter) (D:13)
  30 harpies
  4 anaconda skeletons
  26 fauns
  6 orc sorcerers
  A goliath frog zombie (Crypt:1)
  36 ugly things
  20 deep elf zephyrmancers
  14 salamanders
  8 cyclopes
  9 necromancers
  18 manticores
  A frost giant zombie (Vaults:3)
  A faun (shapeshifter) (Vaults:4)
  A tengu skeleton (Vaults:3)
  9 merfolk sirens
  4 elephants (Lair:4)
  9 moths of wrath
  48 black mambas
  A frost giant skeleton (Depths:2)
  A guardian serpent (Snake:4)
  2 centaur zombies
  2 rust devils (Depths:3)
  12 water nymphs
  6 torpor snails
  16 naga magi
  A gargoyle (D:14)
  A smoke demon (Depths:3)
  16 vault sentinels
  A centaur skeleton (Crypt:1)
  A naga zombie (Crypt:2)
  2 orange demons
  A minotaur zombie (Crypt:2)
  5 kobold demonologists
  Psyche (D:8)
  12 cane toads
  4 storm dragon simulacra
  22 yaktaurs
  4 rime drakes
  8 komodo dragons
  8 freezing wraiths
  An ice devil (Depths:3)
  3 efreet
  7 golden dragon simulacra (IceCv)
  A purple draconian skeleton (Crypt:1)
  A harpy zombie (Crypt:2)
  A mana viper zombie (Crypt:1)
  A human skeleton (Vaults:4)
  A minotaur skeleton (Crypt:3)
  A sea snake skeleton (Crypt:3)
  6 trolls
  2 red devils
  21 merfolk
  8 wind drakes
  A hellwing (Depths:4)
  13 hornets
  4 harpy skeletons
  3 tyrant leeches (Lair:5)
  Grinder (D:4)
  A polar bear (Lair:5)
  Prince Ribbit (D:6)
  A tarantella (Vaults:3)
  A hydra skeleton (Crypt:3)
  9 blink frogs (Lair:1)
  A blink frog (shapeshifter) (Depths:4)
  19 slime creatures
  7 dream sheep
  3 flying skulls (Crypt:1)
  8 snapping turtles
  5 air elementals
  A culicivora (shapeshifter) (Depths:4)
  3 shadows
  A vampire (D:11)
  6 wraiths
  Sigmund (D:2)
  An alligator skeleton (Crypt:3)
  30 water elementals
  A black mamba skeleton (Crypt:3)
  Eustachio (D:5)
  2 fire elementals (Elf:2)
  4 wyverns
  2 ynoxinuls (Depths:4)
  A basilisk (shapeshifter) (Depths:1)
  41 yaks
  A chaos spawn (Depths:3)
  3 redbacks
  3 basilisks
  A catoblepas simulacrum (Crypt:1)
  8 vampire mosquitoes
  2 neqoxecs (Depths:3)
  A steam dragon (D:8)
  3 wargs
  Menkaure (D:5)
  A skyshark zombie (Crypt:3)
  A harpy simulacrum (Crypt:1)
  58 nagas
  17 water moccasins
  3 acid dragons
  Duvessa (D:4)
  A two-headed ogre skeleton (Crypt:2)
  27 orc warriors
  2 demonspawn skeletons (Crypt:1)
  A floating eye (Depths:2)
  2 sky beasts
  2 naga skeletons
  5 ice beasts
  7 black bears
  7 ice dragon simulacra (IceCv)
  11 ogres
  2 elephant zombies (Crypt:1)
  A boggart (Depths:2)
  16 wolves
  16 centaurs
  A manticore skeleton (Crypt:2)
  A phantom (D:7)
  3 human zombies
  14 bullfrogs
  7 kobold brigands
  3 earth elementals
  2 glowing shapeshifter simulacra (Vaults:4)
  A wyvern zombie (Crypt:2)
  3 gnoll sergeants
  A yaktaur skeleton (Crypt:2)
  A scorpion (D:6)
  31 wights
  A wyvern skeleton (Crypt:2)
  A warg zombie (Crypt:1)
  Dowan (D:4)
  4 lindwurm simulacra (IceCv)
  21 killer bees
  2 electric eels (Lair:5)
  8 howler monkeys
  4 jellies
  16 orc priests
  2 sleepcaps
  A hound (D:4)
  Natasha (thrice) (D:2)
  A black bear skeleton (Crypt:2)
  Ijyb (D:4)
  5 iguanas
  27 orc wizards
  An ice beast zombie (Crypt:2)
  An acid dragon skeleton (Crypt:2)
  A hound zombie (Crypt:3)
  Robin (D:2)
  9 adders
  6 gnolls
  A steam dragon zombie (Crypt:3)
  5 river rats
  A steam dragon skeleton (Crypt:1)
  2 white imps
  3 ufetubi
  An adder zombie (Crypt:1)
  A worm (D:3)
  2 dart slugs
  72 orcs
  8 ball pythons
  2 bats
  A bat skeleton (Crypt:2)
  13 endoplasms
  4 giant cockroaches
  10 goblins
  3 hobgoblins (D:1)
  2 jackals (D:1)
  4 quokkas (D:2)
  3 frilled lizards
  22 kobolds
  A quokka zombie (Crypt:1)
  6 rats
  A river rat skeleton (Crypt:3)
  2 tentacles (Shoals:4)
2122 creatures vanquished.

Vanquished Creatures (collateral kills)
  A titan (Vaults:4)
  A quicksilver dragon (Zot:1)
  A death cob (Zot:2)
  A revenant (Crypt:1)
  A vault warden (Vaults:5)
  A curse skull (Crypt:1)
  A cacodemon (Zot:1)
  3 black draconians (Zot:1)
  A green draconian (Zot:2)
  A deep elf demonologist (Elf:3)
  An ettin (Vaults:5)
  A vault guard (Vaults:4)
  An ice dragon (Lair:5)
  A boulder beetle (D:12)
  4 deep elf zephyrmancers
  A moth of wrath (Zot:2)
  A black mamba (Lair:5)
  A cane toad (Lair:5)
  A rime drake (Lair:4)
  A hornet (Lair:5)
  A yak (Lair:5)
  An acid dragon (D:12)
  A wolf (Lair:5)
  A river rat (Sewer)
  3 goblins (D:2)
  A ball python (Orc:2)
  A frilled lizard (Sewer)
  A kobold (D:8)
35 creatures vanquished.

Vanquished Creatures (others)
  A dread lich (Vaults:5)
  An anaconda (Snake:1)
  An ugly thing (D:15)
  2 vault sentinels (Vaults:5)
  A centaur (D:14)
  33 fungi
  166 plants
  7 tentacles
  2 withered plants (D:1)
214 creatures vanquished.

Grand Total: 2371 creatures vanquished

Notes
Turn   | Place    | Note
-------+----------+-------------------------------------------
     0 | D:1      | holysushi the Demonspawn Monk began the quest for the Orb.
     0 | D:1      | Reached XP level 1. HP: 18/18 MP: 1/1
   205 | D:1      | Found a faded altar of an unknown god.
   376 | D:1      | Gained mutation: A weak demonic guardian rushes to your
                  | aid. [demonic ancestry]
   376 | D:1      | Reached XP level 2. HP: 24/24 MP: 2/2
   604 | D:1      | Found Kierchum's Distillery.
   612 | D:1      | Bought a potion of curing for 30 gold pieces
  1131 | D:2      | Noticed Natasha
  1143 | D:2      | Killed Natasha
  1144 | D:2      | Reached XP level 3. HP: 19/29 MP: 3/3
  1183 | D:2      | Noticed Natasha
  1188 | D:2      | Killed Natasha
  1189 | D:2      | Reached XP level 4. HP: 26/35 MP: 4/4
  1369 | D:2      | Noticed Natasha
  1374 | D:2      | Killed Natasha
  1375 | D:2      | Noticed Sigmund
  1572 | D:2      | Reached skill level 5 in Short Blades
  1785 | D:2      | Noticed Robin
  1795 | D:2      | Killed Robin
  1796 | D:2      | Reached XP level 5. HP: 19/39 MP: 5/5
  1889 | D:2      | Found a sacrificial altar of Ru.
  2018 | D:2      | Killed Sigmund
  2019 | D:2      | Reached XP level 6. HP: 26/47 MP: 6/6
  2496 | D:3      | Found a glowing drain.
  2526 | Sewer    | Entered a sewer
  2763 | Sewer    | Found a viscous altar of Jiyva.
  3397 | D:1      | Bought a potion of might for 40 gold pieces
  3397 | D:1      | Bought a potion of berserk rage for 50 gold pieces
  3397 | D:1      | Bought a potion of attraction for 30 gold pieces
  3469 | D:4      | Gained mutation: You regenerate magic rapidly. [demonic
                  | ancestry]
  3469 | D:4      | Reached XP level 7. HP: 46/52 MP: 7/7
  3761 | D:4      | Found Kema's Antique Weapon Emporium.
  3812 | D:4      | Found Affegom's Armour Emporium.
  3814 | D:4      | Found Idghaitei's Armour Emporium.
  3820 | D:4      | Bought a +0 pair of gloves for 45 gold pieces
  4375 | D:4      | Noticed Dowan
  4376 | D:4      | Noticed Duvessa
  4391 | D:4      | Killed Duvessa
  4392 | D:4      | Reached skill level 3 in Dodging
  4408 | D:4      | Killed Dowan
  4442 | D:4      | Noticed Ijyb
  4454 | D:4      | Killed Ijyb
  4795 | D:5      | Entered Level 5 of the Dungeon
  4800 | D:5      | Noticed a water elemental
  4801 | D:5      | Found a stormy altar of Qazlal.
  4806 | D:5      | Reached skill level 1 in Evocations
  4947 | D:5      | Reached XP level 8. HP: 58/58 MP: 8/8
  5009 | D:5      | Reached skill level 4 in Dodging
  5026 | D:5      | Noticed Menkaure
  5304 | D:5      | Noticed an air elemental
  5324 | D:5      | Reached skill level 5 in Dodging
  5520 | D:5      | Noticed Eustachio
  5521 | D:5      | Noticed Grinder
  5523 | D:5      | Killed Menkaure
  5691 | D:4      | Killed Grinder
  5728 | D:5      | Killed Eustachio
  5729 | D:5      | Reached skill level 10 in Short Blades
  5729 | D:5      | Gained mutation: When hurt, damage is shared between your
                  | health and your magic reserves. [demonic ancestry]
  5729 | D:5      | Reached XP level 9. HP: 21/63 MP: 9/9
  6103 | D:5      | Found a runed translucent gate.
  6104 | D:5      | Found a runed translucent gate.
  6104 | D:5      | Noticed mandoloar's ghost (amateur OpTm)
  6105 | D:5      | Found a runed translucent gate.
  6386 | D:6      | Found a large runed translucent door.
  6386 | D:6      | Found a large runed translucent door.
  6640 | D:6      | Found a transporter.
  6882 | D:6      | Found a transporter.
  7059 | D:6      | Noticed Prince Ribbit
  7075 | D:6      | Killed Prince Ribbit
  7330 | D:6      | Found a blossoming altar of Fedhas.
  7341 | D:6      | Found an ornate altar of the Wu Jian Council.
  7355 | D:6      | Reached skill level 6 in Dodging
  7679 | D:7      | Reached skill level 7 in Dodging
  8067 | D:7      | Found a staircase to the Ecumenical Temple.
  8116 | Temple   | Entered the Ecumenical Temple
  8522 | Temple   | Became a worshipper of Gozag Ym Sagoz the Greedy
  8615 | D:4      | Bought a +0 pair of boots of flying for 115 gold pieces
  8615 | D:4      | Bought a +0 cloak for 45 gold pieces
  8757 | D:7      | Reached skill level 8 in Dodging
  8994 | D:7      | Identified the +3 helmet of Jogaov {rPois rN+ Str-3 Stlth+}
  9265 | D:7      | Reached XP level 10. HP: 69/70 MP: 10/10
  9505 | D:8      | Noticed Psyche
  9523 | D:8      | Killed Psyche
  9612 | D:8      | Found a staircase to the Lair.
  9620 | D:8      | Reached skill level 9 in Dodging
  9705 | D:8      | Reached skill level 10 in Dodging
 10731 | D:9      | Reached skill level 5 in Fighting
 11050 | D:9      | Identified the +3 ring mail of Gluttony {Str+5 Int-5 Dex+4}
 11059 | D:9      | Noticed a two-headed ogre
 11105 | Lair:1   | Entered Level 1 of the Lair of Beasts
 11236 | Lair:1   | Noticed a cane toad
 11247 | Lair:1   | Killed a cane toad
 11248 | Lair:1   | Reached skill level 11 in Dodging
 11248 | Lair:1   | Reached XP level 11. HP: 72/81 MP: 9/11
 11366 | Lair:1   | Found a runed translucent gate.
 11366 | Lair:1   | Found a runed translucent gate.
 11366 | Lair:1   | Found a runed translucent gate.
 11370 | Lair:1   | Noticed ragingrage's ghost (journeyman FoMo)
 11745 | Lair:1   | Identified the +1 rapier of Rimisch {venom, SInv}
 11806 | Lair:1   | Reached skill level 12 in Dodging
 12128 | Lair:1   | Reached skill level 13 in Dodging
 12447 | D:4      | Bought the +0 tower shield "Uchoi" {Int-2 Dex+3 Stlth+} for
                  | 164 gold pieces
 12790 | Lair:1   | Reached skill level 1 in Shields
 13242 | Lair:2   | Noticed Amaemon
 15389 | Lair:1   | Killed Amaemon
 15871 | Lair:2   | Reached skill level 1 in Stealth
 15926 | Lair:2   | Reached XP level 12. HP: 44/88 MP: 9/12
 16449 | Lair:3   | Found a staircase to the Snake Pit.
 16451 | Lair:3   | Noticed a six-headed hydra
 16874 | Lair:3   | Noticed Gastronok
 17132 | Lair:3   | Noticed a four-headed hydra
 17146 | Lair:3   | Killed a four-headed hydra
 17147 | Lair:3   | Reached skill level 14 in Dodging
 17279 | Lair:3   | Killed a six-headed hydra
 17353 | Lair:3   | Killed Gastronok
 17806 | Lair:3   | Found a staircase to the Shoals.
 18382 | Lair:4   | Found a staircase to the Slime Pits.
 18427 | Lair:4   | Reached skill level 15 in Dodging
 19851 | Lair:4   | Identified the ring of Yseutz {rC+ rN++ AC+4}
 19881 | Lair:4   | Reached skill level 16 in Dodging
 19935 | Lair:4   | Gained mutation: Your movements are slightly less
                  | encumbered by armour. (ER -2) [demonic ancestry]
 19935 | Lair:4   | Reached XP level 13. HP: 72/93 MP: 11/13
 20405 | Lair:4   | Got the Folio of the Band
 21004 | Lair:4   | Bought a pair of distressingly furry boots for 285 gold
                  | pieces
 21004 | Lair:4   | Identified the +1 pair of boots "Vatock" {Dex+4 Stlth+}
                  | (You bought it in a shop on level 4 of the Lair of Beasts)
 21033 | Lair:5   | Entered Level 5 of the Lair of Beasts
 21821 | Lair:5   | Reached skill level 17 in Dodging
 22411 | Lair:5   | Identified the +8 short sword "Ozao" {flame, rPois rF+
                  | Int+4 SInv}
 22826 | Lair:5   | Found a runed translucent door.
 23728 | Lair:4   | Bought bloodstained steam dragon scales for 1350 gold
                  | pieces
 23728 | Lair:4   | Identified the +0 steam dragon scales of Caosoapiu {Will+}
                  | (You bought it in a shop on level 4 of the Lair of Beasts)
 24698 | D:10     | Entered Level 10 of the Dungeon
 24769 | D:10     | Gained mutation: Your movements are less encumbered by
                  | armour. (ER -4) [demonic ancestry]
 24769 | D:10     | Reached XP level 14. HP: 75/100 MP: 11/14
 24892 | D:10     | Found Qerot's Magic Scroll Emporium.
 24900 | D:10     | Bought a scroll of blinking for 82 gold pieces
 24900 | D:10     | Bought a scroll of teleportation for 33 gold pieces
 24900 | D:10     | Bought a scroll of identify for 22 gold pieces
 25079 | D:10     | Found a staircase to the Orcish Mines.
 26403 | D:12     | Reached skill level 1 in Spellcasting
 26589 | D:12     | Noticed Snorg
 26631 | D:12     | Killed Snorg
 26994 | D:12     | Reached skill level 18 in Dodging
 27356 | Orc:1    | Entered Level 1 of the Orcish Mines
 27572 | Orc:2    | Entered Level 2 of the Orcish Mines
 27700 | Orc:2    | Found Tusaucas's Weapon Shop.
 28099 | Orc:2    | Found a staircase to the Elven Halls.
 29574 | Orc:1    | Noticed Nergalle
 29599 | Orc:2    | Killed Nergalle
 30757 | Orc:2    | Found Kiacw's Book Shop.
 30757 | Orc:2    | Found Saahat's Armour Emporium.
 30760 | Orc:2    | Found Widall's Book Shop.
 30760 | Orc:2    | Found Lijohegg's Weapon Emporium.
 30771 | Orc:2    | Bought the +3 warlock's mirror {omnireflect} for 560 gold
                  | pieces
 30771 | Orc:2    | Found the +3 warlock's mirror {omnireflect}
 31293 | D:10     | Bought a faintly humming robe for 188 gold pieces
 31293 | D:10     | Identified the +1 robe "Erritiad" {Regen+ Dex+3 Slay-4}
                  | (You bought it in a shop on level 10 of the Dungeon)
 31293 | D:10     | Bought an encrusted chain mail for 313 gold pieces
 31293 | D:10     | Identified the +6 chain mail of Ycudaen {Dex+5} (You bought
                  | it in a shop on level 10 of the Dungeon)
 31293 | D:10     | Bought a faintly glowing helmet for 313 gold pieces
 31293 | D:10     | Identified the +0 helmet of Estesm {Int+2} (You bought it
                  | in a shop on level 10 of the Dungeon)
 31293 | D:10     | Bought a sheer robe for 188 gold pieces
 31293 | D:10     | Identified the +0 robe "Seacleang" {rF- rN+ Str+3 Int+3}
                  | (You bought it in a shop on level 10 of the Dungeon)
 31492 | D:13     | Found the necklace of Bloodlust {Fury *Rage Will++ Int-3
                  | Slay+6}
 31498 | D:13     | Reached skill level 1 in Armour
 32050 | D:13     | Identified the +6 whip of Ribuonta {antimagic, rF++ SInv}
 32147 | D:13     | Reached skill level 5 in Armour
 32346 | D:13     | Found a gate to the Vaults.
 32513 | D:13     | Reached XP level 15. HP: 106/106 MP: 20/20
 32788 | D:13     | Identified the +2 robe of Pan-Flutes {Harm *Slow Str+6
                  | Int+2}
 32842 | D:13     | Found a radiant altar of Vehumet.
 34101 | D:15     | Entered Level 15 of the Dungeon
 34266 | D:15     | Found a frozen archway.
 34423 | IceCv    | Entered an ice cave
 34861 | IceCv    | Identified the +0 pair of boots of the Ego {rCorr Dex+5}
 34950 | IceCv    | Reached skill level 5 in Spellcasting
 35001 | IceCv    | Noticed a golden dragon
 35021 | IceCv    | Killed a golden dragon
 35110 | IceCv    | Identified the ring "Weastoci" {rF+ rN+ Dex+2}
 35849 | D:15     | Found a staircase to the Depths.
 36311 | D:15     | Bought a translucent leather armour for 259 gold pieces
 36311 | D:15     | Identified the +3 leather armour "Leifuu" {Regen+ Int+3}
                  | (You bought it in a shop on level 15 of the Dungeon)
 36311 | D:15     | Bought a pair of spiked gloves for 351 gold pieces
 36311 | D:15     | Identified the +1 pair of gloves of Vuicrump {rC- Regen+
                  | Stlth+} (You bought it in a shop on level 15 of the
                  | Dungeon)
 36323 | D:15     | Bought a pair of runed gloves for 277 gold pieces
 36337 | D:15     | Bought a glowing cloak for 277 gold pieces
 36612 | Snake:1  | Entered Level 1 of the Snake Pit
 37010 | Snake:1  | Reached XP level 16. HP: 112/122 MP: 25/25
 37487 | Snake:1  | Reached skill level 10 in Fighting
 37680 | Snake:1  | Identified 2 scrolls of acquirement
 37822 | Snake:1  | Acquired 742 gold pieces
 37824 | Snake:1  | Acquired a manual of Armour
 38173 | Snake:2  | Reached skill level 10 in Armour
 40117 | Snake:3  | Noticed Vashnia
 40120 | Snake:3  | Noticed Mara
 40142 | Snake:3  | Noticed holysushi's illusion
 40174 | Snake:2  | Noticed holysushi's illusion
 40180 | Snake:2  | Killed Mara
 40619 | Snake:3  | Reached skill level 10 in Spellcasting
 40625 | Snake:3  | Gained mutation: Your movements are significantly less
                  | encumbered by armour. (ER -6) [demonic ancestry]
 40625 | Snake:3  | Reached XP level 17. HP: 128/128 MP: 22/31
 40816 | Snake:3  | Killed Vashnia
 41284 | Snake:3  | Noticed Agnes
 41288 | Snake:3  | Identified Roxanne's Vellum of Invincibility
 41288 | Snake:3  | Noticed Roxanne
 41304 | Snake:3  | Killed Agnes
 42103 | Snake:3  | Killed Roxanne
 42104 | Snake:3  | Reached skill level 15 in Armour
 42160 | Snake:4  | Entered Level 4 of the Snake Pit
 42168 | Snake:4  | Found Nuagremm's Self-Improvement Boutique.
 42174 | Snake:4  | Bought a manual of Dodging for 1440 gold pieces
 42174 | Snake:4  | Bought a manual of Stealth for 1440 gold pieces
 42863 | Snake:4  | Reached skill level 19 in Dodging
 43842 | Snake:4  | Reached skill level 20 in Dodging
 43842 | Snake:4  | Gained mutation: Your touch may inflict minor irresistible
                  | damage on your foes. [demonic ancestry]
 43842 | Snake:4  | Reached XP level 18. HP: 31/134 MP: 14/32
 43843 | Snake:4  | Reached skill level 21 in Dodging
 43843 | Snake:4  | Reached skill level 5 in Stealth
 43843 | Snake:4  | Gained mutation: When low on magic, you restore magic in
                  | place of health. [demonic ancestry]
 43843 | Snake:4  | Reached XP level 19. HP: 33/140 MP: 15/33
 44699 | Snake:4  | Got a serpentine rune of Zot
 45430 | Elf:1    | Entered Level 1 of the Elven Halls
 45441 | Elf:1    | Reached skill level 10 in Stealth
 45499 | Elf:1    | Found a radiant altar of Vehumet.
 45741 | Elf:1    | Noticed Frances
 45765 | Elf:1    | Killed Frances
 46299 | Elf:1    | Identified the +6 falchion "Liogui" {heavy, rC+ Str+5}
 46914 | Elf:1    | Got the Lessons on United Bolts
 47172 | Elf:2    | Found Wura's Assorted Antiques.
 47189 | Elf:2    | Bought a potion of cancellation for 296 gold pieces
 47189 | Elf:2    | Bought a potion of heal wounds for 185 gold pieces
 47290 | Elf:2    | Reached skill level 5 in Evocations
 47298 | Elf:2    | Found an ancient bone altar of Kikubaaqudgha.
 47444 | Elf:2    | Reached XP level 20. HP: 150/150 MP: 32/34
 47444 | Elf:2    | Found a runed translucent gate.
 47444 | Elf:2    | Found a runed translucent gate.
 47444 | Elf:2    | Found a runed translucent gate.
 47660 | Elf:2    | Found Moprugiz's Jewellery Emporium.
 47660 | Elf:2    | Found Jiafu's Book Shop.
 47661 | Elf:2    | Found Ymumaiz's Book Shop.
 47803 | Elf:3    | Entered Level 3 of the Elven Halls
 48343 | Elf:3    | Found a radiant altar of Vehumet.
 48449 | Elf:3    | Identified the ring "Vaybynam" {+Blink rPois SInv Stlth+}
 48577 | Elf:3    | Found a runed translucent door.
 48910 | Elf:3    | Identified the ring of Uzaarr {rCorr Str-3 Int+2 Dex+6
                  | Stlth+}
 50217 | Elf:3    | Identified the +3 mace of Reddacef {venom, *Slow Fragile
                  | rElec Int+5}
 50217 | Elf:3    | Identified the +5 short sword "Zamuont" {vamp, Str+3}
 50217 | Elf:3    | Identified the +6 flail "Dragonbane" {freeze, Will+ Int+4}
 50217 | Elf:3    | Identified the ring of Hoyfiotz {Contam rPois rN++ SInv
                  | Stlth+}
 50530 | Elf:3    | Identified the ring "Rempowir" {rPois Will+ Str+2 Dex-4
                  | SInv}
 50573 | Elf:3    | Identified the +3 arbalest of Fajasiym {flame, +Blink rPois
                  | Will++ Dex-3}
 50826 | Elf:3    | Identified the +8 hand axe "Kyox" {speed, *Noise rPois
                  | Str+5 Dex+3}
 50934 | Elf:3    | Got the Commentary on Blistering Displacement
 50955 | Elf:3    | Identified the +0 helmet of Ajiwkoyj {-Cast rF+ SInv}
 50959 | Elf:3    | Identified the staff of air "Meuryn" {rElec rPois rF- Will-
                  | Str+8}
 50963 | Elf:3    | Identified the +1 cloak of the Endless Loafs {rCorr Str+2
                  | Dex+5}
 50979 | Elf:3    | Got Konasm's Monograph on the Inconstant Salamander
 50980 | Elf:3    | Identified the +1 trident of the Dove {heavy, Will- MP+9
                  | Dex+2}
 51471 | Shoals:1 | Entered Level 1 of the Shoals
 52933 | Shoals:2 | Reached skill level 15 in Stealth
 53312 | Shoals:2 | Noticed Veluwn's ghost (journeyman MeWn)
 53316 | Shoals:2 | Found a transporter.
 53330 | Shoals:2 | Found a transporter.
 53422 | Shoals:2 | Killed Veluwn's ghost
 53567 | Shoals:2 | Identified the ring of Plog {rElec rC+ rN+ rCorr Dex-3}
 53578 | Shoals:2 | Identified the ring "Onner" {rPois rF+ rN+ AC+4 Slay+5
                  | Stlth-}
 54071 | Shoals:3 | Acquired a manual of Stealth
 54391 | Shoals:3 | Reached skill level 15 in Fighting
 54404 | Shoals:3 | Gained mutation: You are robust. (+10% HP) [demonic
                  | ancestry]
 54404 | Shoals:3 | Reached XP level 21. HP: 184/184 MP: 29/35
 54676 | Shoals:3 | Identified the +10 sling "Nuigead" {speed, rPois Str-5
                  | Dex+4}
 55032 | Shoals:4 | Entered Level 4 of the Shoals
 55034 | Shoals:4 | Reached skill level 1 in Ranged Weapons
 55169 | Shoals:4 | Identified the +1 leather armour of Nohef {*Corrode rPois
                  | Slay+3}
 55411 | Shoals:4 | Reached skill level 5 in Ranged Weapons
 55704 | Shoals:4 | Got a barnacled rune of Zot
 55705 | Shoals:4 | Identified the staff of conjuration "Jidghe" {Drain rN+
                  | Dex+2 SInv}
 55833 | Shoals:4 | Found a stormy altar of Qazlal.
 56261 | Shoals:4 | Identified the +0 kite shield of Ruqugoq {rF+ Will+ Int+3
                  | Dex+2}
 56261 | Shoals:4 | Noticed Donald
 56280 | Shoals:4 | Killed Donald
 56489 | Lair:2   | Bought a scorched hat for 333 gold pieces
 56489 | Lair:2   | Identified the +0 hat of the Garden {Str+3} (You bought it
                  | in a shop on level 2 of the Lair of Beasts)
 56922 | Depths:1 | Entered Level 1 of the Depths
 57143 | Depths:1 | Found a magical portal.
 57212 | WizLab   | Entered Tukima's Studio
 57242 | WizLab   | Noticed holysushi's illusion
 57590 | WizLab   | Noticed holysushi's illusion
 57719 | WizLab   | Reached skill level 10 in Ranged Weapons
 57837 | WizLab   | Noticed holysushi's illusion
 57856 | WizLab   | Noticed holysushi's illusion
 59101 | Depths:1 | Found a gateway to Hell.
 59684 | Depths:2 | Found a broken altar of Ashenzari.
 59685 | Depths:2 | Found Ereddo's Weapon Boutique.
 59708 | Depths:2 | Identified the +1 scimitar "Xygexij" {freeze, Str+5}
 59887 | Depths:2 | Gained mutation: Your touch may inflict irresistible damage
                  | on your foes. [demonic ancestry]
 59887 | Depths:2 | Reached XP level 22. HP: 192/192 MP: 32/36
 60266 | Depths:2 | Noticed Grunn
 60289 | Depths:2 | Killed Grunn
 60334 | Depths:2 | Found a one-way gateway to a ziggurat.
 60505 | Depths:2 | Found a transporter.
 60507 | Depths:2 | Found a transporter.
 60508 | Depths:2 | Noticed Miownoin's ghost (master GrFi)
 60511 | Depths:2 | Identified the +6 great mace of Itewk {heavy, rCorr}
 60512 | Depths:2 | Identified the +4 great mace of Due Proportion {venom, rC+
                  | Str+2}
 60512 | Depths:2 | Identified the +4 giant club "Arbiter" {venom, rC- rN+
                  | Int+5}
 60589 | Depths:2 | Found a radiant altar of Vehumet.
 60593 | Depths:2 | Found a transporter.
 60625 | Depths:2 | Found Kaowirph's Armour Shoppe.
 60704 | Depths:2 | Identified the ring of Jaggut {EV+5 Str+3}
 60968 | Depths:2 | Found a one-way gate leading to the halls of Pandemonium.
 61169 | Depths:2 | Found Leisauke's Antique Weapon Shoppe.
 61343 | Depths:2 | Found Zuoczais's Antique Weapon Shoppe.
 61616 | Depths:2 | Found a transporter.
 61670 | Depths:3 | Found a one-way gate to the infinite horrors of the Abyss.
 61744 | Depths:3 | Gained mutation: You are clumsy. (Dex -2) [a neqoxec]
 62044 | Depths:3 | Found a runed translucent door.
 62048 | Depths:3 | Found a shimmering altar of Xom.
 62048 | Depths:3 | Noticed Sygufo's ghost (adept AtIE)
 62178 | Depths:3 | Reached skill level 22 in Dodging
 62519 | Depths:3 | Identified the staff of conjuration "Raolloen" {rPois}
 62702 | Depths:3 | Identified the +8 ring mail "Fepuim" {Int+4}
 63505 | Depths:3 | Killed Sygufo's ghost
 63564 | Depths:4 | Entered Level 4 of the Depths
 63662 | Depths:4 | Reached skill level 23 in Dodging
 63736 | Depths:4 | Acquired a manual of Armour
 63933 | Depths:4 | Found an opulent altar of Gozag.
 64196 | Depths:4 | Found a gate to the Realm of Zot.
 64196 | Depths:4 | Noticed a golden dragon
 64199 | Depths:4 | Noticed a golden dragon
 64211 | Depths:4 | Killed a golden dragon
 64238 | Depths:4 | Killed a golden dragon
 65048 | Vaults:1 | Entered Level 1 of the Vaults
 65143 | Vaults:1 | Reached skill level 24 in Dodging
 65322 | Vaults:1 | Gained mutation: Your touch may irresistibly damage your
                  | foes and sap their willpower. [demonic ancestry]
 65322 | Vaults:1 | Reached XP level 23. HP: 199/199 MP: 37/37
 66220 | Vaults:1 | Identified the +1 dire flail of Xom's Grace {heavy, rF-
                  | rN+++ Int+8 Stlth-}
 66244 | Vaults:1 | You fall into a shaft and drop 1 floor!
 66652 | Vaults:2 | Found Howuwafem's Book Emporium.
 67381 | Vaults:2 | Identified the +1 robe of Cifuov {rN+ Str+4 Int+3 Dex-3}
 67664 | Vaults:2 | Found a staircase to the Crypt.
 67987 | Vaults:3 | Identified the -2 pair of boots "Osohajar" {-Tele rF+++
                  | Regen+ Stlth+}
 68679 | Vaults:3 | Reached skill level 5 in Shields
 69941 | Vaults:4 | Gained mutation: You are very robust. (+20% HP) [demonic
                  | ancestry]
 69941 | Vaults:4 | Reached XP level 24. HP: 199/225 MP: 37/37
 70626 | Vaults:5 | Entered Level 5 of the Vaults
 70755 | Vaults:4 | Reached skill level 10 in Shields
 71335 | Vaults:5 | Noticed a dread lich
 71477 | Vaults:5 | Killed a dread lich
 71527 | Vaults:5 | Noticed a dread lich
 71558 | Vaults:5 | Killed a dread lich
 72945 | Vaults:5 | Identified the +5 spear "Qinnouro" {freeze, rC+}
 73075 | Vaults:5 | Noticed an ancient lich
 73099 | Vaults:5 | Killed an ancient lich
 73734 | Vaults:5 | Got the Lessons on Translocation and Spellbinding
 73738 | Vaults:5 | Got a silver rune of Zot
 73912 | Vaults:5 | Identified the +3 leather armour of Space {Harm Will- Dex+2
                  | Slay+3}
 74239 | Vaults:1 | Identified the amulet "Cuirr" {RegenMP Fragile Dex+4}
 74527 | Crypt:1  | Entered Level 1 of the Crypt
 74723 | Crypt:1  | Gained mutation: You are extremely robust. (+30% HP)
                  | [demonic ancestry]
 74723 | Crypt:1  | Reached XP level 25. HP: 261/261 MP: 37/37
 74974 | Crypt:1  | Found a large runed translucent door.
 74974 | Crypt:1  | Found a large runed translucent door.
 74979 | Crypt:1  | Noticed Neiqej's ghost (legendary FoFi)
 76028 | Crypt:1  | Killed Neiqej's ghost
 77181 | Crypt:3  | Entered Level 3 of the Crypt
 77202 | Crypt:3  | Learned a level 3 spell: Portal Projectile
 77204 | Crypt:3  | Learned a level 1 spell: Apportation
 77293 | Crypt:3  | Reached skill level 1 in Hexes
 77302 | Crypt:3  | Reached skill level 1 in Translocations
 77691 | Crypt:3  | Found a staircase to the Tomb.
 78306 | Crypt:3  | Noticed an ancient lich
 78312 | Crypt:3  | Killed an ancient lich
 78316 | Crypt:3  | Found the +7 sceptre of Torment {pain, torment}
 78320 | Crypt:3  | Identified the +3 leather armour of Creativity {Int+2 Dex+3
                  | Stlth+}
 78345 | Crypt:3  | Identified the ring of Abon {rN+ Int+5}
 78345 | Crypt:3  | Identified the ring "Ytip" {rElec rPois rN+ Will-}
 78345 | Crypt:3  | Identified the ring "Ewkugio" {rN+ Str+6}
 79152 | Crypt:3  | Identified the +4 halberd of Death's Door {freeze, rElec}
 79257 | Crypt:3  | Bought a pair of brightly glowing boots for 437 gold pieces
 79257 | Crypt:3  | Identified the +4 pair of boots of Fun {rElec} (You bought
                  | it in a shop on level 3 of the Crypt)
 79257 | Crypt:3  | Bought a blackened ring mail for 414 gold pieces
 79257 | Crypt:3  | Identified the +1 ring mail of Tetivoen {rElec rF+} (You
                  | bought it in a shop on level 3 of the Crypt)
 79257 | Crypt:3  | Bought a scorched scarf for 460 gold pieces
 79257 | Crypt:3  | Identified the scarf "Jamir" {shadows, Dex+3} (You bought
                  | it in a shop on level 3 of the Crypt)
 79257 | Crypt:3  | Bought a fabulously ornate robe for 262 gold pieces
 79257 | Crypt:3  | Identified the +1 robe of Xulur {rF- Dex+4} (You bought it
                  | in a shop on level 3 of the Crypt)
 79301 | Crypt:1  | Found a basalt altar of Yredelemnul.
 79304 | Crypt:1  | Upgraded the game from 0.30-a0-1161-g0704695555 to
                  | 0.30-a0-1163-gf69bf04e7a
 79705 | Zot:1    | Entered Level 1 of the Realm of Zot
 79913 | Zot:1    | Found a transporter.
 79982 | Zot:1    | Gained mutation: A demonic guardian rushes to your aid.
                  | [demonic ancestry]
 79982 | Zot:1    | Reached XP level 26. HP: 279/279 MP: 34/38
 80298 | Zot:1    | Reached skill level 15 in Shields
 80341 | Zot:1    | Found a transporter.
 81225 | Zot:1    | Found the +10 tower shield of Ignorance {rN+ Int-4}
 81328 | Zot:1    | Noticed a dread lich
 81329 | Zot:1    | Noticed an orb of fire
 81330 | Zot:1    | Noticed an orb of fire
 81332 | Zot:1    | Noticed an orb of fire
 81342 | Zot:1    | Gained mutation: You occasionally lose the ability to drink
                  | potions when taking damage. [an orb of fire]
 81366 | Zot:1    | Killed an orb of fire
 81368 | Zot:1    | Gained mutation: Armour fits poorly on your strangely
                  | shaped body. [an orb of fire]
 81392 | Zot:1    | Killed an orb of fire
 81413 | Zot:1    | Gained mutation: You have hidden genetic defects. [an orb
                  | of fire]
 81417 | Zot:1    | Killed an orb of fire
 81424 | Zot:1    | Gained mutation: You sometimes lose the ability to drink
                  | potions when taking damage. [a cacodemon]
 81625 | Zot:2    | Lost mutation: You are clumsy. (Dex -2) [potion of
                  | mutation]
 81625 | Zot:2    | Lost mutation: You have hidden genetic defects. [potion of
                  | mutation]
 81625 | Zot:2    | Lost mutation: You sometimes lose the ability to drink
                  | potions when taking damage. [potion of mutation]
 81625 | Zot:2    | Gained mutation: Your spells are a little harder to cast,
                  | but a little more powerful. [potion of mutation]
 81625 | Zot:2    | Gained mutation: Your spells are harder to cast, but more
                  | powerful. [potion of mutation]
 81626 | Zot:2    | Lost mutation: Armour fits poorly on your strangely shaped
                  | body. [potion of mutation]
 81626 | Zot:2    | Lost mutation: Your spells are harder to cast, but more
                  | powerful. [potion of mutation]
 81626 | Zot:2    | Lost mutation: You occasionally lose the ability to drink
                  | potions when taking damage. [potion of mutation]
 81626 | Zot:2    | Gained mutation: Your flesh is heat resistant. (rF+)
                  | [potion of mutation]
 82051 | Zot:1    | Killed a dread lich
 82077 | Zot:1    | HP: 3/283 [white draconian/+0 war axe (12)]
 82077 | Zot:1    | Slain by a tentacled monstrosity

Illustrated notes

Levels and vault maps discovered:
D:1:      scummos_arrival_hexagon, layout_loops_corners,
          shapermc_ecumenical_altar_flowoftime, serial_shops,
          nicolae_shop_tiny_glass, kennysheep_decorative_pillar
D:2:      layout_basic, basic_altar, uniq_sigmund, uniq_robin, uniq_natasha
D:3:      layout_rooms, portal_sewer_entry_b
D:4:      layout_basic, nicolae_shop_distant_corner_stores, uniq_ijyb,
          uniq_duvessa
D:5:      layout_gridville, nicolae_qazlal_style_of_elements, serial_rivers,
          chequers_serial_rivers_micro_c, chequers_serial_rivers_small_3,
          chequers_serial_rivers_room_b, chequers_serial_rivers_small_b,
          gammafunk_ghost_nasty_kobolds, uniq_eustachio, uniq_menkaure,
          uniq_grinder
D:6:      gammafunk_cloud_chamber, layout_layer_cave, jmf_multi_god_temple2,
          uniq_prince_ribbit1
D:7:      layout_basic, temple_fountains, serial_corexii_hall,
          chequers_hall_statues_corner_a, corexii_hall_statues_s,
          serial_bayou_pond_e
D:8:      layout_basic, lair_entry_dummy, uniq_psyche
D:9:      layout_loops_ring
D:10:     layout_irregular_city, kennysheep_orc_monster_closet_entryway,
          serial_shops, shop
D:11:     layout_long_grid
D:12:     layout_cave_pools, kennysheep_generic_room_16, uniq_snorg
D:13:     layout_rooms, lightli_vaults_fourway_checkpoint,
          nicolae_vehumet_altar_sigil
D:14:     layout_irregular_city, minmay_misc_feat_encased
D:15:     gammafunk_enter_depths_forms, layout_loops_ring, serial_bayou_shore_b,
          portal_ice_cave_entry_ugly_swarm
Temple:   compressed_dpeg_triangle_lava_temple
Lair:1:   layout_chaotic_city, gammafunk_ghost_necromancy, nzn_random_ring
Lair:2:   layout_misc_corridors, uniq_amaemon
Lair:3:   layout_cave_pods, elwin_shoals_entry_rooms,
          guppyfry_snake_entry_island, minmay_holes, serial_bayou_pond_d,
          uniq_gastronok
Lair:4:   cheibrodos_lair_overgrown_chateau, layout_cellular_growth,
          slime_entry_1, chequers_serial_rivers_marsh, grunt_megastairs_3,
          lemuel_fruit_tree
Lair:5:   wormcave, layout_small_grid, lemuel_fruit_fields,
          serial_bayou_shore_a, grunt_megastairs_2
Shoals:1: layout_shoals
Shoals:2: layout_shoals, ebering_ghost_davey_jones
Shoals:3: layout_shoals, nicolae_shoals_enchanted_isle
Shoals:4: shoals_end_hellmonk_storm_palace [storm_palace_center_circular,
          storm_palace_corner_reverse_hut, storm_palace_corner_pillars,
          storm_palace_corner_altar, storm_palace_corner_reverse_hut],
          uniq_donald
Snake:1:  layout_gridlike
Snake:2:  layout_chambers
Snake:3:  layout_grid_maze, nicolae_snake_snakes_in_the_grass,
          grunt_megastairs_5, uniq_vashnia, uniq_mara, uniq_agnes, uniq_roxanne
Snake:4:  johnstein_snake_rune_scales, layout_cave_town, nicolae_shop_self_help
Orc:1:    minmay_goldmine, layout_caves, mines1_david, uniq_nergalle
Orc:2:    grunt_orc_tribal_feast, layout_diamond_mine, serial_shops,
          nicolae_shop_rolling_square
Elf:1:    eino_elf_arrival_altar, layout_rooms, minmay_elf_sorcery, uniq_frances
Elf:2:    nicolae_elf_blades_splatter_lattice [nicolae_blade_bullseye],
          layout_geoelf_octagon, serial_shops, nicolae_shop_overgrown_old_shop,
          basic_altar, minmay_shop_grove
Elf:3:    elf_hall, layout_rooms, basic_altar, minivault_13
Vaults:1: hangedman_vaults_stream, nicolae_vaults_puzzle_piece, v_misc_24,
          vaults_room_door_ring, nicolae_vaults_rhombus_5,
          nicolae_vaults_more_shelving_2, hangedman_vaults_hat,
          nicolae_vaults_know_your_exits, hangedman_vaults_maws,
          nicolae_vaults_storage_room_glass, v_misc_17,
          vaults_dpeg_encased_lava, nicolae_vaults_windows_and_doors_thing,
          layout_vaults_omnibox
Vaults:2: nicolae_vaults_shipping_containers_6, v_alt_pattern_1,
          nicolae_vaults_closet_pinwheel_3, vaults_room_boxed,
          nicolae_vaults_tetromino_Z_1, vaults_room_semicircle,
          minmay_crypt_entry_nasty_monster, nicolae_vaults_little_squares_4,
          grunt_vaults_hallway_long, nicolae_vaults_frosty_reception,
          nicolae_vaults_closet_pinwheel_6, nicolae_vaults_house_1,
          layout_vaults_omnicross, serial_shops, shop
Vaults:3: vaults_mumra_hexcomb, nicolae_vaults_storage_closets_3,
          vaults_mumra_hex, v_misc_30, ontoclasm_vaults_eye, vaults_room_pool,
          nicolae_vaults_little_squares_6, nicolae_vaults_asterisk,
          dpeg_vaults_monster_box, layout_vaults_quadrants
Vaults:4: grunt_vaults_hallway_long, nicolae_vaults_shelves_hall,
          nicolae_vaults_little_squares_4, ontoclasm_vaults_ligature,
          vaults_room_grid, hangedman_vaults_stitches, ontoclasm_vaults_hangar,
          v_misc_29, v_pattern_4, vaults_room_fancy_cross, layout_vaults_ring
Vaults:5
Crypt:1:  layout_gridlike, ebering_ghost_disaster_area, lemuel_upstairs_altar
Crypt:2:  layout_rooms
Crypt:3:  due_elkab, layout_chaotic_city
Depths:1: layout_basic, hell_entry, mu_enter_wizlab_1, grunt_decor_clamped,
          lightli_fourway_metalbox
Depths:2: gammafunk_sealed_library, layout_honeycomb, enter_ziggurat_f,
          hell_entry, rand_demon_pan_entry_9, ashenzari_altar_1,
          gammafunk_ghost_smash, serial_shops, shop,
          nicolae_shop_back_alley_shop, shop, nicolae_lakefront_shop,
          grunt_tough_drop, infiniplex_staircase_pillars_1, uniq_grunn
Depths:3: minmay_complete_graph, layout_basic, hell_entry,
          chequers_decorated_corner, abyss_entry, grunt_pan_entry_spiral,
          ebering_ghost_xom, minmay_misc_feat_cross, kennysheep_generic_room_6,
          infiniplex_staircase_zigzag_5
Depths:4: grunt_zot_entry_tricorne, layout_basic, grunt_gozag_breadcrumbs,
          hellmouth_1, rand_demon_pan_entry_3, abyss_entry
Zot:1:    gammafunk_dig_for_victory, layout_concentric_octagons
Zot:2:    layout_misc_corridors, st_stairs_7, lemuel_elevator

Skill      XL: |  1  2  3  4  5  6  7  8  9 10 11 12 13 14 15 16 17 18 19 20 21 22 23 24 25 26 |
---------------+-------------------------------------------------------------------------------+-----
Short Blades   | 3 4 5 6 7 8 10 12 13 | 13.8
Dodging        | 3 5 8 11 13 16 17 18 20 21 24 | 24.0
Evocations     | 1 2 5 6 |  6.0
Fighting       | 5 6 9 10 11 15 17 19 20 | 20.0
Shields        | 3 7 12 14 15 | 15.0
Stealth        | 1 3 5 12 15 16 19 20 | 20.0
Spellcasting   | 3 6 10 11 13 | 13.6
Armour         | 5 8 13 15 19 | 19.0
Ranged Weapons | 12 14 | 14.0
Hexes          | 3 |  3.0
Translocations | 3 |  3.0

Action                     |  1- 3 |  4- 6 |  7- 9 | 10-12 | 13-15 | 16-18 | 19-21 | 22-24 | 25-27 || total
---------------------------+-------+-------+-------+-------+-------+-------+-------+-------+-------++-------
  Melee: Short sword       |    67 |   158 |   353 |  1003 |  2080 |   814 |  1751 |  1164 |   302 ||  7692
         Dagger            |       |       |    12 |    12 |    33 |       |       |       |       ||    57
         Unarmed           |       |       |       |     3 |       |       |       |       |       ||     3
         Rapier            |       |       |       |       |    25 |       |       |       |       ||    25
         Touch             |       |       |       |       |       |       |       |    28 |       ||    28
         Punch             |       |       |       |       |       |       |       |     1 |       ||     1
   Fire: Sling             |       |       |       |       |       |       |   423 |  1669 |  1656 ||  3748
 Invoke: Call Merchant     |       |       |       |     1 |     3 |       |     3 |     2 |     2 ||    11
  Evoke: Wand              |       |       |       |     2 |    18 |       |       |       |     2 ||    22
         Phantom mirror    |       |       |       |       |       |       |     1 |       |     1 ||     2
    Use: Scroll            |     1 |     7 |    10 |     6 |     9 |     5 |     4 |     1 |     5 ||    48
         Potion            |       |     1 |     4 |     4 |     1 |     2 |     1 |     3 |     5 ||    21
   Stab: Distracted        |       |       |     2 |     5 |    11 |     2 |    34 |    20 |     2 ||    76
         Sleeping          |       |       |       |     4 |    16 |     8 |    22 |    11 |     4 ||    65
         Invisible         |       |       |       |       |       |       |       |     3 |       ||     3
 Armour: Robe              |    12 |    14 |    16 |       |       |       |       |       |       ||    42
         Skin              |       |       |     6 |       |       |       |       |       |       ||     6
         Leather armour    |       |       |    28 |   186 |   173 |       |       |       |       ||   387
         Ring mail         |       |       |       |       |    61 |       |    82 |   193 |    91 ||   427
         Chain mail        |       |       |       |       |   124 |   105 |   159 |       |       ||   388
  Dodge: Dodged            |    44 |    81 |   180 |   628 |  1649 |   560 |  1730 |  1618 |   740 ||  7230
  Block: Tower shield      |       |       |       |     7 |       |       |       |       |       ||     7
         Buckler           |       |       |       |       |   211 |   353 |   896 |   704 |   447 ||  2611
         Reflection        |       |       |       |       |    25 |    53 |   135 |    76 |    25 ||   314

Table legend: (Time is in decaauts)
 A = Elapsed time spent in this place.
 B = Non-inter-level travel time spent in this place.
 C = Inter-level travel time spent in this place.
 D = Time resting spent in this place.
 E = Time spent auto-exploring this place.
 F = Levels seen in this place.
 G = Mean time per level.
                   A        B        C        D        E       F      G
               +--------+--------+--------+--------+--------+-----+--------+
         Total |  78981 |  73775 |   5206 |  19126 |  37248 |  51 | 1548.6 |
       Dungeon |  18264 |  16098 |   2166 |   3404 |   8869 |  15 | 1217.6 |
        Temple |    416 |    391 |     25 |      0 |    371 |   1 |  416.0 |
          Lair |  12496 |  11406 |   1090 |   2645 |   6802 |   5 | 2499.2 |
        Shoals |   5211 |   5032 |    179 |   1054 |   2371 |   4 | 1302.8 |
     Snake Pit |   8723 |   8524 |    199 |   3160 |   3476 |   4 | 2180.8 |
  Orcish Mines |   3768 |   3512 |    256 |   1047 |   1657 |   2 | 1884.0 |
   Elven Halls |   5909 |   5743 |    166 |   2722 |   1777 |   3 | 1969.7 |
        Vaults |   8681 |   8194 |    487 |   1659 |   4721 |   5 | 1736.2 |
         Crypt |   4169 |   4028 |    141 |    460 |   2225 |   3 | 1389.7 |
        Depths |   7219 |   6826 |    393 |   1854 |   3513 |   4 | 1804.8 |
           Zot |   2019 |   1919 |    100 |    361 |   1140 |   2 | 1009.5 |
         Sewer |    579 |    579 |      0 |    231 |    183 |   1 |  579.0 |
      Ice Cave |    796 |    796 |      0 |    300 |    120 |   1 |  796.0 |
        Wizlab |    725 |    725 |      0 |    226 |     22 |   1 |  725.0 |
               +--------+--------+--------+--------+--------+-----+--------+

Top non-repeatable levels by time:
   Elf:3: 3258 daAuts
 Snake:4: 3066 daAuts
  Lair:1: 2955 daAuts
  Lair:4: 2739 daAuts
   Orc:2: 2688 daAuts
Vaults:4: 2520 daAuts
  Lair:5: 2386 daAuts
  Lair:3: 2266 daAuts
  Lair:2: 2148 daAuts
 Snake:3: 2099 daAuts
Depths:2: 2007 daAuts
Depths:1: 1999 daAuts
 Snake:2: 1973 daAuts
Depths:3: 1936 daAuts
 Crypt:3: 1759 daAuts
